 Dungeon Crawl Stone Soup version 0.23.2-33-g5129a83184 (webtiles) character file.

Game seed: 3486714238649558881

795 psyvane the Zephyrmancer (level 7, 0/36 HPs)
             Began as a Tengu Air Elementalist on June 30, 2019.
             Succumbed to a worker ant's poison
             ... on level 6 of the Dungeon.
             The game lasted 00:25:40 (5362 turns).

psyvane the Zephyrmancer (Tengu Air Elementalist)   Turns: 5362, Time: 00:25:40

Health: 0/36       AC:  2    Str:  9    XL:     7   Next: 89%
Magic:  0/14       EV: 18    Int: 17    God:
Gold:   111        SH:  5    Dex: 24    Spells: 6/16 levels left

rFire    . . .     SeeInvis .   g - +0 dagger (pain)
rCold    . . .     Gourm    .   e - +0 buckler
rNeg     . . .     Faith    .   a - +0 robe
rPois    +         Spirit   .   (helmet restricted)
rElec    .         Reflect  .   (no cloak)
rCorr    .         Harm     .   (no gloves)
MR       .....                  (boots unavailable)
Stlth    ++++......             d - amulet of the acrobat
HPRegen  0.12/turn              j - +5 ring of dexterity
MPRegen  0.14/turn              (no ring)

@: agile, lethally poisoned (0 -> -10), about to teleport
A: beak, talons 3, low mp 1, poison resistance, able to fly
a: Fly


You were on level 6 of the Dungeon.
You were not hungry.

You visited 1 branch of the dungeon, and saw 6 of its levels.

You collected 111 gold pieces.

Inventory:

Hand Weapons
 g - a +0 dagger of pain (weapon)
Armour
 a - a +0 robe (worn)
 e - a +0 buckler (worn)
Jewellery
 d - an amulet of the acrobat (around neck)
 j - a +5 ring of dexterity (left hand)
Scrolls
 f - a scroll of fear
 h - 3 scrolls of remove curse
 o - a scroll of amnesia {unknown}
Potions
 l - a potion of degeneration {unknown}
 m - a potion of might {unknown}
 n - a potion of haste {unknown}
Comestibles
 c - a ration


   Skills:
 - Level 2.8 Dodging
 * Level 4.4 Stealth
 * Level 5.2 Spellcasting
 - Level 1.3 Conjurations
 - Level 8.0 Air Magic


You had 6 spell levels left.
You knew the following spells:

 Your Spells              Type           Power        Failure   Level  Hunger
a - Shock                 Conj/Air       ###.         3%          1    None
b - Swiftness             Chrm/Air       ###.....     7%          2    #......
c - Static Discharge      Conj/Air       ###.....     11%         3    ###....
d - Airstrike             Air            ####......   9%          4    ####...

Your spell library contained the following spells:

 Spells                   Type           Power        Failure   Level  Hunger
 Lightning Bolt           Conj/Air       ###.......   67%         5    ######.


Dungeon Overview and Level Annotations

Branches:
Dungeon (6/15)             Temple (0/1) D:6

Altars:
Makhleb
Xom


Innate Abilities, Weirdness & Mutations

You have a beak for a mouth.
You have claws for feet.
You can fly continuously.
Your magical capacity is low. (-10% MP)
Your system is resistant to poisons. (rPois)


Message History

Aiming: Shock (safe; 3% risk of failure)
Press: ? - help, Shift-Dir - straight line, f - worker ant
Aim: a worker ant The zap hits the worker ant but does no damage.
You feel sick. You block the worker ant's attack.
As you read the scroll of teleportation, it crumbles to dust.
You feel strangely unstable.
You feel sick. The worker ant bites you.
* * * LOW HITPOINT WARNING * * *
The worker ant bites you.
* * * LOW HITPOINT WARNING * * *
You are more poisoned.
The worker ant poisons you!
It was a potion of mutation.
You feel extremely strange.
You feel less energetic.
You feel resistant to poisons.
* * * LOW HITPOINT WARNING * * *
You feel sick. The worker ant bites you.
* * * LOW HITPOINT WARNING * * *
It was a potion of agility.
You feel agile all of a sudden.
You die...

#############
#####..@........######
#.....a..............###
#......................#
#.....#########....(....
#.#. ##(.### ####......
##.. #........$ ###....
.... #.......$. #....
#... ###.....)[ #....
#..# ###.... ##...


You could see a worker ant.

Vanquished Creatures
  2 ogres (D:6)
  A centaur (D:6)
  A bullfrog (D:6)
  2 scorpions (D:6)
  A bullfrog zombie (D:6)
  A jelly (D:6)
  2 orc wizards (D:4)
  An iguana (D:4)
  A centaur skeleton (D:4)
  3 worker ants (D:4)
  A hound zombie (D:6)
  4 adders
  A shadow imp (D:5)
  An adder zombie (D:5)
  An adder skeleton (D:4)
  2 dart slugs
  2 leopard geckos
  6 orcs (D:4)
  7 bats
  3 giant cockroaches (D:1)
  5 goblins
  7 hobgoblins
  2 kobolds (D:1)
  3 quokkas
  4 frilled lizards
  4 rats
68 creatures vanquished.

Notes
Turn   | Place    | Note
-------+----------+-------------------------------------------
     0 | D:1      | psyvane the Tengu Air Elementalist began the quest for the
                  | Orb.
     0 | D:1      | Reached XP level 1. HP: 10/10 MP: 4/4
   267 | D:1      | Reached XP level 2. HP: 13/15 MP: 4/6
   646 | D:1      | Reached skill level 5 in Air Magic
  1035 | D:1      | Reached XP level 3. HP: 19/19 MP: 3/7
  1043 | D:1      | Learned a level 2 spell: Swiftness
  1047 | D:1      | Learned a level 3 spell: Static Discharge
  2015 | D:3      | Reached XP level 4. HP: 22/24 MP: 3/8
  2147 | D:4      | Reached skill level 6 in Air Magic
  2651 | D:4      | Gained mutation: You can fly continuously. [Tengu growth]
  2651 | D:4      | Reached XP level 5. HP: 22/28 MP: 0/9
  2777 | D:4      | Reached skill level 7 in Air Magic
  3203 | D:4      | Found a burning altar of Makhleb.
  3518 | D:4      | Reached skill level 8 in Air Magic
  3518 | D:4      | Reached XP level 6. HP: 9/32 MP: 1/10
  4007 | D:5      | Entered Level 5 of the Dungeon
  4015 | D:5      | Noticed a sky beast
  4649 | D:6      | Found a staircase to the Ecumenical Temple.
  4788 | D:6      | Reached XP level 7. HP: 36/36 MP: 4/13
  4795 | D:6      | Learned a level 4 spell: Airstrike
  5052 | D:6      | Found a shimmering altar of Xom.
  5351 | D:6      | Reached skill level 5 in Spellcasting
  5361 | D:6      | Gained mutation: Your magical capacity is low. (-10% MP)
                  | [potion of mutation]
  5361 | D:6      | Gained mutation: Your system is resistant to poisons.
                  | (rPois) [potion of mutation]
  5361 | D:6      | HP: 1/36 [worker ant (2)]
  5362 | D:6      | Succumbed to a worker ant's poison

Skill      XL: |  1  2  3  4  5  6  7 |
---------------+----------------------+-----
Air Magic      | 5 6 8 |  8.0
Stealth        | 3 4 |  4.4
Spellcasting   | 3 5 |  5.2
Dodging        | |  2.8
Conjurations   | |  1.3

Action                   |  1- 3 |  4- 6 |  7- 9 || total
-------------------------+-------+-------+-------++-------
Melee: Unarmed           |     8 |       |       ||     8
       Kick              |     5 |     5 |     3 ||    13
       Dagger            |    18 |    22 |    10 ||    50
       Peck              |     3 |     3 |     4 ||    10
 Cast: Shock             |    72 |    93 |    30 ||   195
       Swiftness         |     1 |     7 |     1 ||     9
       Airstrike         |       |       |     5 ||     5
  Use: Scroll            |     7 |     1 |     1 ||     9
       Potion            |       |       |     2 ||     2
 Stab: Sleeping          |       |     1 |       ||     1
  Eat: Chunk             |     4 |     4 |     1 ||     9
       Ration            |       |     2 |     1 ||     3
Armor: Robe              |     5 |     4 |       ||     9
Dodge: Dodged            |    22 |    35 |    19 ||    76
Block: Buckler           |     2 |     7 |     9 ||    18
